 Dungeon Crawl Stone Soup version 0.17-a0-1497-g03599f7 (console) character file.

71 Monkaria the Skirmisher (level 4, 0/42 HPs)
             Began as a Minotaur Wanderer on July 6, 2015.
             Killed from afar by Ijyb (7 damage)
             ... with a wand of flame
             ... on level 3 of the Dungeon.
             The game lasted 00:02:59 (1286 turns).

Monkaria the Skirmisher (Minotaur Wanderer)         Turns: 1286, Time: 00:03:00

Health: 0/42       AC:  6    Str: 17    XL:     4   Next: 5%
Magic:  0/3        EV: 11    Int: 10    God:
Gold:   131        SH:  0    Dex: 11    Spells: 0 memorised, 3 levels left

rFire  . . .     SeeInvis .     a - +2 mace
rCold  . . .     Clarity  .     c - +0 ring mail
rNeg   . . .     SustAt   .     (no shield)
rPois  .         Gourm    .     (helmet restricted)
rElec  .         Spirit   +     (no cloak)
rCorr  .         Warding  .     (no gloves)
rMut   .         Stasis   .     (no boots)
MR     +....                    r - amulet of guardian spirit
Stlth  +.........               o - ring of protection from magic
                                l - +2 ring of strength

@: somewhat resistant to hostile enchantments, very unstealthy
A: retaliatory headbutt, horns 2
a: no special abilities


You were on level 3 of the Dungeon.
You were not hungry.

You visited 1 branch of the dungeon, and saw 3 of its levels.

You collected 131 gold pieces.

Inventory:

Hand weapons
 a - a +2 mace (weapon)
Armour
 c - a +0 ring mail (worn)
Jewellery
 l - a +2 ring of strength (left hand)
 o - a ring of protection from magic (right hand)
 r - an amulet of guardian spirit (around neck)
Scrolls
 b - a scroll of teleportation
 i - a scroll of enchant armour {unknown}
 j - a scroll of recharging {unknown}
 k - a scroll of magic mapping {unknown}
 n - a scroll of random uselessness {unknown}
Potions
 e - a potion of degeneration {unknown}
 h - a potion of heal wounds {unknown}
 m - a potion of lignification {unknown}
Comestibles
 d - 4 bread rations
 f - 2 meat rations
 g - a beef jerky
 p - a fruit
 q - a chunk of flesh


   Skills:
 - Level 5.2 Fighting
 - Level 1.2 Maces & Flails
 - Level 5.2 Armour
 + Level 1.4 Dodging
   Level 2.4 Shields


You had 3 spell levels left.
You didn't know any spells.

Dungeon Overview and Level Annotations

Branches:
Dungeon (3/15)

Altars:

Annotations:
D:3 Ijyb


Innate Abilities, Weirdness & Mutations

You reflexively headbutt those who attack you in melee.
You have a pair of horns on your head.


Message History

Ijyb is severely wounded.
Ijyb zaps a wand.
The puff of flame hits you! The hobgoblin hits you with a club.
* * * LOW HITPOINT WARNING * * *
Ijyb hits you with a club.
* * * LOW HITPOINT WARNING * * *
You hit Ijyb.
Ijyb is severely wounded.
The hobgoblin hits you but does no damage.
Ijyb closely misses you. The hobgoblin completely misses you.
You barely miss Ijyb. Your headbutt misses Ijyb.
Ijyb is severely wounded.
Ijyb zaps a wand.
The puff of flame misses you. The hobgoblin closely misses you.
Unknown command.
Ijyb zaps a wand.
The puff of flame hits you!
* * * LOW HITPOINT WARNING * * *
The hobgoblin barely misses you.
Ijyb zaps a wand.
The puff of flame hits you!
You die...

... .#..#
##.###.#..#
#...%.....#
#.(..#..!.#
#....#lr.
#.#.##g# ##
#<..g..#....
#..####.....#
#.....@...#.#
##......=.$...
######..##.##.#
#.....# #
##.##.# ..# #
.# .#


You could see Ijyb, a hobgoblin, a giant newt and a rat.

Vanquished Creatures
  Robin (D:2)
  2 oozes (D:2)
  A worm (D:2)
  A giant gecko (D:1)
  15 goblins
  6 hobgoblins
  3 jackals (D:2)
  2 kobolds
  3 ball pythons (D:1)
  4 bats (D:2)
  A giant newt (D:2)
  A quokka (D:2)
  6 rats
46 creatures vanquished.

Notes
Turn   | Place    | Note
--------------------------------------------------------------
     0 | D:1      | Monkaria the Minotaur Wanderer began the quest for the Orb.
     0 | D:1      | Monkaria set off with: a +2 mace, a scroll of teleportation, a +0 ring mail, a bread ration
     0 | D:1      | Reached XP level 1. HP: 19/19 MP: 0/0
   214 | D:1      | Reached XP level 2. HP: 27/27 MP: 1/1
   512 | D:2      | Noticed Robin
   537 | D:2      | Reached skill level 5 in Fighting
   539 | D:2      | Killed Robin
   539 | D:2      | Reached XP level 3. HP: 9/36 MP: 2/2
   792 | D:2      | Reached skill level 5 in Armour
  1203 | D:2      | Reached skill level 1 in Dodging
  1224 | D:2      | Reached XP level 4. HP: 38/42 MP: 3/3
  1273 | D:3      | Noticed Ijyb
  1286 | D:3      | Killed from afar by Ijyb

Vault maps used:
D:1:      dpeg_arrival_houses_and_road
D:2:      uniq_robin
D:3:      uniq_iyjb, uniq_natasha, uniq_jessica

Action                   |  1- 3 |  4- 6 || total
-------------------------+-------+-------++-------
Melee: Mace              |    84 |    11 ||    95
  Eat: Chunk             |     1 |       ||     1
